2801 views
Uploaded 2020-04-16 23:27:06
Game version 1.32.3
16:12 long 1on1 ladder game on (2)TerenasStand_LV
Saved by BEARAND
2801 views
Uploaded 2020-04-16 23:27:06
Game version 1.32.3
16:12 long 1on1 ladder game on (2)TerenasStand_LV

/ 0.5k
11 buildings @ 1.7k
/ 0.5k

| Peon | 18 | 1350 | / | 0 |
| Troll Headhunter | 20 | 2800 | / | 400 |
| Goblin Shredder | 1 | 375 | / | 100 |
| Ogre Mauler | 1 | 300 | / | 0 |
| total: | 40 | 4825g | / | 500w |
| Watch Tower | 2 | 220 | / | 160 |
| Altar of Storms | 1 | 180 | / | 50 |
| Orc Burrow | 5 | 800 | / | 200 |
| Barracks | 1 | 180 | / | 50 |
| War Mill | 1 | 205 | / | 0 |
| Voodoo Lounge | 1 | 130 | / | 30 |
| Stronghold | 1 | 315 | / | 190 |
| Fortress | 1 | 325 | / | 190 |
| total: | 11 | 1715g | / | 490w |
| 0:06 | Peon |
| 0:06 | Peon |
| 0:06 | Peon |
| 0:06 | Peon |
| 0:06 | Peon |
| 0:26 | Altar of Storms |
| 1:04 | Orc Burrow |
| 1:11 | Barracks |
| 1:33 | War Mill |
| 2:06 | Orc Burrow |
| 2:48 | Troll Headhunter |
| 2:48 | Troll Headhunter |
| 2:48 | Troll Headhunter |
| 2:48 | Troll Headhunter |
| 2:48 | Troll Headhunter |
| 2:48 | Troll Headhunter |
| 3:01 | Endurance Aura |
| 3:40 | Steel Ranged Weapons |
| 3:42 | Troll Headhunter |
| 3:42 | Troll Headhunter |
| 3:42 | Troll Headhunter |
| 4:13 | Stronghold |
| 4:23 | Troll Headhunter |
| 4:23 | Troll Headhunter |
| 4:48 | Troll Headhunter |
| 4:48 | Troll Headhunter |
| 4:49 | Troll Headhunter |
| 4:49 | Troll Headhunter |
| 5:00 | Steel Armor |
| 6:33 | Troll Headhunter |
| 6:33 | Troll Headhunter |
| 6:37 | Peon |
| 6:37 | Peon |
| 6:38 | Peon |
| 6:38 | Peon |
| 6:38 | Peon |
| 6:49 | War Stomp |
| 7:18 | Orc Burrow |
| 7:26 | Orc Burrow |
| 8:27 | Troll Headhunter |
| 8:27 | Troll Headhunter |
| 8:27 | Troll Headhunter |
| 8:34 | Ogre Mauler |
| 8:43 | Troll Regeneration |
| 8:57 | Peon |
| 8:57 | Peon |
| 8:57 | Peon |
| 8:57 | Peon |
| 9:08 | Orc Burrow |
| 9:54 | Peon |
| 9:54 | Peon |
| 9:54 | Peon |
| 9:54 | Peon |
| 10:18 | Endurance Aura |
| 10:38 | Watch Tower |
| 11:34 | Voodoo Lounge |
| 13:15 | Goblin Shredder |
| 13:25 | Fortress |
| 13:57 | War Stomp |
| 15:02 | Watch Tower |
| Right click | 233 |
| Chat | 176 |
| Select | 149 |
| Build/train/purchase | 56 |
| Remove unit | 7 |
| Use ability | 2 |
| Esc | 2 |
| Item give/drop | 1 |
18 units @ 2k
/ 0.2k
63 buildings @ 3.1k
/ 1.6k



| Scroll of Regeneration | 2 | 200 |
| Potion of Healing | 3 | 450 |
| Potion of Mana | 1 | 200 |
| Staff of Sanctuary | 2 | 500 |
| Orb of Fire | 1 | 325 |
| Boots of Speed | 3 | 750 |
| Staff of Teleportation | 3 | 450 |
| total: | 15 | 2875g |
| Peasant | 14 | 1050 | / | 0 |
| Priest | 1 | 135 | / | 10 |
| Sorceress | 1 | 155 | / | 20 |
| Goblin Shredder | 1 | 375 | / | 100 |
| Goblin Zeppelin | 1 | 240 | / | 60 |
| total: | 18 | 1955g | / | 190w |
| Scout Tower | 52 | 1560 | / | 1040 |
| Arcane Tower | 3 | 210 | / | 150 |
| Guard Tower | 24 | 1680 | / | 1200 |
| Altar of Kings | 1 | 180 | / | 50 |
| Farm | 5 | 400 | / | 100 |
| Lumber Mill | 1 | 120 | / | 0 |
| Arcane Vault | 2 | 260 | / | 60 |
| Town Hall | 1 | 385 | / | 205 |
| Arcane Sanctum | 1 | 150 | / | 140 |
| Keep | 1 | 320 | / | 210 |
| Castle | 1 | 360 | / | 210 |
| total: | 63 | 3055g | / | 1595w |
| 0:01 | Peasant |
| 0:02 | Peasant |
| 0:08 | Altar of Kings |
| 0:18 | Farm |
| 0:25 | Peasant |
| 0:29 | Peasant |
| 0:37 | Lumber Mill |
| 0:40 | Scout Tower |
| 0:41 | Peasant |
| 0:53 | Scout Tower |
| 1:17 | Peasant |
| 1:23 | Farm |
| 1:29 | Peasant |
| 1:31 | Peasant |
| 1:36 | Arcane Tower |
| 1:38 | Scout Tower |
| 1:42 | Peasant |
| 1:48 | Peasant |
| 2:05 | Arcane Vault |
| 2:12 | Blizzard |
| 2:51 | Peasant |
| 2:52 | Peasant |
| 2:52 | Peasant |
| 2:58 | Brilliance Aura |
| 3:00 | Guard Tower |
| 3:04 | Scout Tower |
| 3:16 | Scroll of Regeneration |
| 3:22 | Peasant |
| 3:23 | Improved Masonry |
| 4:07 | Town Hall |
| 4:10 | Scout Tower |
| 4:20 | Boots of Speed |
| 4:20 | Staff of Teleportation |
| 4:32 | Scout Tower |
| 4:33 | Scout Tower |
| 4:45 | Arcane Tower |
| 5:34 | Blizzard |
| 5:37 | Guard Tower |
| 5:45 | Scout Tower |
| 5:45 | Scout Tower |
| 5:46 | Scout Tower |
| 5:48 | Scroll of Regeneration |
| 5:57 | Keep |
| 6:44 | Guard Tower |
| 6:56 | Farm |
| 6:56 | Farm |
| 6:58 | Farm |
| 7:15 | Guard Tower |
| 8:12 | Goblin Shredder |
| 8:19 | Brilliance Aura |
| 8:37 | Goblin Zeppelin |
| 8:53 | Scout Tower |
| 8:53 | Scout Tower |
| 8:53 | Scout Tower |
| 9:07 | Scout Tower |
| 9:08 | Scout Tower |
| 9:09 | Scout Tower |
| 9:09 | Scout Tower |
| 9:10 | Scout Tower |
| 9:11 | Scout Tower |
| 9:59 | Guard Tower |
| 10:00 | Castle |
| 10:02 | Guard Tower |
| 10:03 | Scout Tower |
| 10:04 | Scout Tower |
| 10:05 | Scout Tower |
| 10:05 | Scout Tower |
| 10:06 | Scout Tower |
| 10:06 | Scout Tower |
| 10:07 | Scout Tower |
| 10:07 | Scout Tower |
| 10:08 | Scout Tower |
| 10:09 | Scout Tower |
| 10:12 | Arcane Vault |
| 10:20 | Scout Tower |
| 10:34 | Guard Tower |
| 10:36 | Arcane Sanctum |
| 10:38 | Scout Tower |
| 10:40 | Guard Tower |
| 11:02 | Guard Tower |
| 11:05 | Storm Bolt |
| 11:08 | Advanced Masonry |
| 11:13 | Potion of Healing |
| 11:13 | Potion of Healing |
| 11:14 | Potion of Mana |
| 11:21 | Potion of Healing |
| 11:23 | Guard Tower |
| 11:24 | Scout Tower |
| 11:25 | Scout Tower |
| 11:26 | Scout Tower |
| 11:27 | Scout Tower |
| 11:31 | Guard Tower |
| 11:53 | Guard Tower |
| 11:55 | Guard Tower |
| 12:32 | Imbued Masonry |
| 12:36 | Guard Tower |
| 12:45 | Bash |
| 12:58 | Arcane Tower |
| 12:59 | Scout Tower |
| 13:00 | Scout Tower |
| 13:00 | Scout Tower |
| 13:00 | Scout Tower |
| 13:08 | Staff of Sanctuary |
| 13:18 | Staff of Sanctuary |
| 13:18 | Orb of Fire |
| 13:24 | Staff of Teleportation |
| 13:24 | Boots of Speed |
| 13:28 | Guard Tower |
| 13:29 | Scout Tower |
| 13:30 | Scout Tower |
| 13:34 | Holy Light |
| 13:38 | Guard Tower |
| 13:38 | Guard Tower |
| 13:43 | Scout Tower |
| 13:43 | Scout Tower |
| 13:44 | Scout Tower |
| 13:44 | Scout Tower |
| 14:48 | Magic Sentry |
| 14:49 | Priest |
| 14:49 | Sorceress Adept Training |
| 14:49 | Sorceress |
| 14:52 | Sorceress Master Training |
| 14:52 | Priest Adept Training |
| 14:54 | Guard Tower |
| 14:54 | Guard Tower |
| 15:04 | Staff of Teleportation |
| 15:04 | Boots of Speed |
| 15:34 | Divine Shield |
| 15:53 | Guard Tower |
| 15:55 | Scout Tower |
| 15:56 | Scout Tower |
| 15:56 | Scout Tower |
| 15:57 | Scout Tower |
| 15:57 | Scout Tower |
| 15:57 | Scout Tower |
| 16:03 | Guard Tower |
| 16:05 | Scout Tower |
| Right click | 1282 |
| Select | 383 |
| Select group | 169 |
| Build/train/purchase | 123 |
| Chat | 95 |
| Use ability | 44 |
| Misc. action | 15 |
| Assign group | 12 |
| Item give/drop | 10 |
| Remove unit | 1 |